 Dungeon Crawl Stone Soup version 0.24.0-123-gd5b16e6ec5 (webtiles) character file.

Game seed: 11872447059768067749, levelgen mode: deterministic

1192 Amplified the Firebug (level 8, 0/46 HPs)
             Began as an Octopode Fire Elementalist on Jan 29, 2020.
             Shot with an arrow by a centaur (18 damage)
             ... on level 6 of the Dungeon.
             The game lasted 00:13:09 (5557 turns).

Amplified the Firebug (Octopode Fire Elementalist)  Turns: 5557, Time: 00:13:10

Health: 0/46       AC:  1    Str:  8    XL:     8   Next: 43%
Magic:  16/16      EV: 13    Int: 19    God:
Gold:   264        SH:  0    Dex: 12    Spells: 5/18 levels left

rFire    . . .     SeeInvis .   k - +1 trident (protect)
rCold    . . .     Gourm    .   (no shield)
rNeg     . . .     Faith    .   (helmet restricted)
rPois    .         Spirit   .   f - amulet of harm
rElec    .         Reflect  .   (no ring)
rCorr    .         Harm     +   (no ring)
MR       .....                  (no ring)
Stlth    +++.......             (no ring)
HPRegen  0.15/turn              (no ring)
MPRegen  0.15/turn              (no ring)
                                (no ring)
                                (no ring)

@: no status effects
A: almost no armour, stealthy swim, amphibious, 8 rings, constrict 8, camouflage
1, gelatinous body 1
a: no special abilities


You were on level 6 of the Dungeon.
You were not hungry.

You visited 1 branch of the dungeon, and saw 6 of its levels.
You also visited: Ossuary.

You collected 264 gold pieces.

Inventory:

Hand Weapons
 a - a +1 whip
 j - a +3 dagger of venom
 k - a +1 trident of protection (weapon)
Missiles
 s - 21 poisoned darts
 t - 5 datura-tipped darts (quivered)
Armour
 v - a +0 shield
Jewellery
 f - an amulet of harm (around mantle)
 u - an uncursed ring of positive energy
Wands
 r - a wand of flame (4)
Scrolls
 g - 2 scrolls of remove curse
 i - 2 scrolls of enchant weapon
 l - 3 scrolls of fear
 m - 3 scrolls of magic mapping
 n - 2 scrolls of blinking
 o - 2 scrolls of teleportation
 p - 2 scrolls of amnesia
Potions
 c - 3 potions of mutation
 d - a potion of heal wounds {unknown}
 e - a potion of degeneration
 h - 3 potions of lignification
 q - a potion of brilliance
 w - a potion of haste
 x - 3 potions of curing
Comestibles
 b - 8 rations
 z - 11 chunks of flesh


   Skills:
 - Level 2.0 Dodging
 - Level 2.6 Stealth
 * Level 5.5 Spellcasting
 * Level 5.6 Conjurations
 * Level 6.3 Fire Magic


You had 5 spell levels left.
You knew the following spells:

 Your Spells              Type           Power        Failure   Level  Hunger
a - Flame Tongue          Conj/Fire      ####.        1%          1    None
b - Throw Flame           Conj/Fire      ####..       1%          2    None
c - Conjure Flame         Conj/Fire      ####....     3%          3    ##.....
d - Inner Flame           Hex/Fire       ###.....     10%         3    ##.....
e - Sticky Flame          Conj/Fire      ####....     10%         4    ####...

Your spell library contained the following spells:

 Spells                   Type           Power        Failure   Level  Hunger
 Fireball                 Conj/Fire      ####......   28%         5    #####..


Dungeon Overview and Level Annotations

Branches:
Dungeon (6/15)            Ossuary (visited)
 Temple: D:4-7

Altars:
Sif Muna


Innate Abilities, Weirdness & Mutations

You cannot wear most types of armour.
You are very stealthy in the water. (Stealth+)
You are amphibious.
You can wear up to eight rings at the same time.
You can use your tentacles to constrict eight enemies at once.
Your skin changes colour to match your surroundings (Stealth+).
Your rubbery body absorbs attacks. (AC +1, EV +1)


Message History

The centaur wields a +1 shortbow of velocity.
The centaur shoots an arrow.
The arrow misses you.
The centaur shoots an arrow.
The arrow hits you.
You see here 2 arrows.
The centaur shoots an arrow.
The arrow hits you! The bullfrog misses you.
You see here an arrow.
The bullfrog barely misses you.
Found a ring mail.
The bullfrog barely misses you.
Really walk into that teleport trap?
You enter a teleport trap!
The teleport trap disappears.
Your surroundings seem slightly different.
Unknown command.
The bullfrog barely misses you. The bullfrog hits you.
The centaur shoots an arrow.
The arrow closely misses you.
There is a stone staircase leading up here.
You see here an arrow.
The bullfrog hits you.
The centaur shoots an arrow.
The arrow hits you!
You die...

.. #.#..).....##.#.##
... #.#..............#
##.##...........# ..#
...............###..#
..................##
................#..#
.....))รท.......##.##
...##...........#..##
....#....#......@...#
....#...##......F#.....#
<.###(..###.....g##....#
..###....#.............#
.............c..........
...............####....#
.................###...#
....#.......###........#
...##........#..........


You could see a bullfrog, a centaur and a gnoll.

Vanquished Creatures
  Sigmund (D:5)
  The ghost of jaiteiro the Shield-Bearer, an amateur GrFi (D:2)
  Duvessa (D:5)
  A phantom (D:5)
  Dowan (D:5)
  A scorpion (D:6)
  A crimson imp (D:5)
  A bullfrog zombie (D:5)
  An orc priest (D:6)
  3 hounds
  An iguana (D:5)
  Natasha (thrice) (D:3)
  2 worker ants
  3 mummies (Ossuary)
  7 adders
  6 gnolls (D:3)
  A shadow imp (D:5)
  4 oozes
  A worm (D:2)
  4 dart slugs
  5 leopard geckos
  4 orcs
  2 ball pythons (D:3)
  6 bats
  6 giant cockroaches
  2 gnoll zombies
  3 goblins
  6 hobgoblins
  14 jackals
  4 quokkas
  8 frilled lizards
  2 goblin zombies (Ossuary)
  4 hobgoblin zombies (Ossuary)
  13 kobolds
  3 kobold zombies (Ossuary)
  3 rats
129 creatures vanquished.

Notes
Turn   | Place    | Note
-------+----------+-------------------------------------------
     0 | D:1      | Amplified the Octopode Fire Elementalist began the quest
                  | for the Orb.
     0 | D:1      | Reached XP level 1. HP: 11/11 MP: 3/3
    91 | D:1      | Reached XP level 2. HP: 17/17 MP: 3/5
   433 | D:1      | Learned a level 2 spell: Throw Flame
   649 | D:1      | Reached XP level 3. HP: 21/21 MP: 0/6
   687 | D:1      | Learned a level 3 spell: Conjure Flame
  1375 | D:2      | Reached XP level 4. HP: 27/27 MP: 2/8
  1775 | D:4      | Found a sand-covered staircase.
  1918 | D:4      | Reached XP level 5. HP: 28/31 MP: 6/9
  1986 | D:4      | Learned a level 3 spell: Inner Flame
  1987 | Ossuary  | Entered an ossuary
  1987 | Ossuary  | Noticed a wraith
  1987 | Ossuary  | Noticed a wraith
  1987 | Ossuary  | Noticed a wraith
  2091 | Ossuary  | Reached skill level 4 in Fire Magic
  2352 | Ossuary  | Noticed a wraith
  3030 | D:5      | Entered Level 5 of the Dungeon
  3035 | D:5      | Reached XP level 6. HP: 21/36 MP: 11/11
  3332 | D:5      | Found a shimmering blue altar of Sif Muna.
  3396 | D:5      | Noticed a phantom
  3412 | D:5      | Killed a phantom
  3450 | D:5      | Noticed Dowan
  3451 | D:5      | Noticed Duvessa
  3958 | D:3      | Found a runed translucent gate.
  3958 | D:3      | Noticed jaiteiro's ghost (amateur GrFi)
  3959 | D:3      | Found a runed translucent gate.
  3960 | D:3      | Found a runed translucent gate.
  3969 | D:3      | Noticed Natasha
  3976 | D:3      | Killed Natasha
  3976 | D:3      | Reached skill level 5 in Fire Magic
  3976 | D:3      | Reached XP level 7. HP: 41/41 MP: 4/13
  4048 | D:3      | Learned a level 4 spell: Sticky Flame
  4260 | D:3      | Noticed Natasha
  4265 | D:3      | Killed Natasha
  4496 | D:3      | Noticed Natasha
  4499 | D:3      | Killed Natasha
  4647 | D:2      | Killed jaiteiro's ghost
  5012 | D:5      | Killed Duvessa
  5017 | D:5      | Killed Dowan
  5017 | D:5      | Reached skill level 5 in Conjurations
  5017 | D:5      | Reached XP level 8. HP: 25/46 MP: 13/15
  5055 | D:5      | Reached skill level 5 in Spellcasting
  5088 | D:5      | Noticed Sigmund
  5093 | D:5      | Killed Sigmund
  5093 | D:5      | Reached skill level 6 in Fire Magic
  5557 | D:6      | Shot with an arrow by a centaur

Levels and vault maps discovered:
D:1:      shiori_shiawase, layout_loops_ring, st_stairs_6
D:2:      layout_rooms
D:3:      layout_loops_ring, gammafunk_ghost_split, first_ration, uniq_natasha
D:4:      layout_basic, enter_ossuary_3
D:5:      layout_rooms, old_standard_altar, uniq_sigmund, uniq_duvessa
D:6:      layout_cave_pools, minmay_misc_feat_hallway

Skill      XL: |  1  2  3  4  5  6  7  8 |
---------------+-------------------------+-----
Conjurations   | 2 3 4 5 |  5.6
Spellcasting   | 3 4 5 |  5.5
Fire Magic     | 4 5 6 |  6.3
Dodging        | |  2.0
Stealth        | |  2.6

Action                   |  1- 3 |  4- 6 |  7- 9 || total
-------------------------+-------+-------+-------++-------
Melee: Unarmed           |     5 |       |       ||     5
       Constrict         |     6 |    25 |    12 ||    43
       Tentacles         |     1 |     8 |    13 ||    22
       Whip              |    13 |    61 |       ||    74
       Trident           |       |    17 |    72 ||    89
Throw: Dart              |       |       |     4 ||     4
 Cast: Flame Tongue      |    56 |    60 |    32 ||   148
       Conjure Flame     |     1 |     2 |       ||     3
       Throw Flame       |       |     3 |       ||     3
       Inner Flame       |       |     3 |     1 ||     4
       Sticky Flame      |       |       |     5 ||     5
Evoke: Wand              |       |     1 |    15 ||    16
  Use: Scroll            |     5 |     9 |     2 ||    16
       Potion            |     2 |     5 |     4 ||    11
 Stab: Sleeping          |       |     7 |     4 ||    11
       Distracted        |       |       |     2 ||     2
  Eat: Chunk             |     2 |     5 |     3 ||    10
       Ration            |       |     1 |     1 ||     2
Armor: Skin              |     2 |     8 |    25 ||    35
Dodge: Dodged            |    23 |    91 |    69 ||   183
